 Dungeon Crawl Stone Soup version 0.30-a0-726-gd89dcf765f (webtiles) character file.

Game seed: 18233282149217634836

7 voltaire321 the Caller (level 2, 0/16 HPs)
             Began as a Kobold Summoner on Jan 29, 2023.
             Succumbed to an adder's poison
             ... on level 2 of the Dungeon.
             The game lasted 00:01:41 (746 turns).

voltaire321 the Caller (Kobold Summoner)             Turns: 746, Time: 00:01:41

Health: 0/16       AC:  4    Str:  5    XL:     2   Next: 10%
Magic:  4/5        EV: 14    Int: 16    God:
Gold:   60         SH:  0    Dex: 15    Spells: 2/5 levels left

rFire   . . .      SeeInvis .    j - +2 mace (heavy)
rCold   . . .      Faith    .    (no shield)
rNeg    . . .      Spirit   .    c - +0 leather armour
rPois   .          Reflect  .    h - +0 helmet
rElec   .          Harm     .    (no cloak)
rCorr   .          Rampage  .    (no gloves)
Will    .....                    (no boots)
Stlth   +++                      (no amulet)
HPRegen 0.22/turn                (no ring)
MPRegen 0.09/turn                (no ring)

@: lethally poisoned (0 -> -10)
A: small, no large weapons, nightstalker 3
a: no special abilities


You were on level 2 of the Dungeon.
You visited 1 branch of the dungeon, and saw 2 of its levels.

You collected 60 gold pieces.

Inventory:

Hand Weapons
 j - a +2 heavy mace (weapon)
Armour
 c - a +0 leather armour (worn)
 h - a +0 helmet (worn)
Scrolls
 a - a scroll of enchant armour {unknown}
 e - a scroll of teleportation {unknown}
 i - a scroll of identify {unknown}
Potions
 b - a potion of magic
 g - a potion of might {unknown}


   Skills:
 + Level 0.3 Fighting
 + Level 0.2 Armour
 + Level 2.5 Dodging
 + Level 2.9 Stealth
 + Level 2.3 Spellcasting
 + Level 4.0 Summonings


You had 2 spell levels left.
You knew the following spells:

 Your Spells              Type           Power      Damage    Failure   Level
a - Call Imp              Summ           14%        N/A       10%         2
b - Summon Small Mammal   Summ           56%        N/A       6%          1

Your spell library contained the following spells:

 Spells                   Type           Power      Damage    Failure   Level
 Call Canine Familiar     Summ           14%        N/A       19%         3
 Summon Guardian Golem    Hex/Summ       8%         N/A       41%         3
 Summon Lightning Spire   Summ/Air       8%         N/A       82%         4


Dungeon Overview and Level Annotations

Branches:
Dungeon (2/15)

Altars:


Innate Abilities, Weirdness & Mutations

You are small and have problems with some larger weapons.
You are completely attuned to the shadows.


Message History

You see here a +2 heavy mace.
j - a +2 heavy mace Your +1 falchion of holy wrath stops glowing.
j - a +2 heavy mace (weapon)
You drop a +1 falchion of holy wrath.
You drop a +0 dagger.
There is an empty arch of ancient stone here.
You see here a +0 club.
You enter the shallow water.
Moving in this stuff is going to be slow.
Done exploring.
There is an open door here.
There is a stone staircase leading down here.
You climb downwards.
There is a stone staircase leading up here.
Casting: Summon Small Mammal (safe; 6% risk of failure)
Press: ? - help, Q - select action, (/) - cycle Dir - look around, f - activate The adder closely misses you.
Your rat completely misses the adder.
You hit the adder.
The adder is heavily wounded.
The adder bites you.
You are poisoned.
The adder poisons you! The adder bites you.
Your rat misses the adder. The adder bites you.
You are lethally poisoned!
The adder poisons you!
Your rat completely misses the adder.
You miss the adder.
The adder is heavily wounded.
You feel very sick. The adder bites you.
* * * LOW HITPOINT WARNING * * *
You are more poisoned.
The adder poisons you!
Your rat closely misses the adder.
The adder misses you.
Your rat bites the adder.
The adder bites your rat.
Your rat dies!
Your rat's corpse disappears in a puff of smoke!
The adder hisses angrily.
You barely miss the adder.
The adder is almost dead.
You die...

#..#
##..###
......
#..###.#
#<.@....
#..§S...
##.###..
... .
#####


You could see an adder.

Vanquished Creatures
  A giant cockroach (D:1)
  A goblin (D:1)
  2 quokkas (D:1)
  A ball python (D:1)
5 creatures vanquished.

Vanquished Creatures (collateral kills)
  A kobold (D:1)
1 creature vanquished.

Grand Total: 6 creatures vanquished

Notes
Turn   | Place    | Note
-------+----------+-------------------------------------------
     0 | D:1      | voltaire321 the Kobold Summoner began the quest for the
                  | Orb.
     0 | D:1      | Reached XP level 1. HP: 10/10 MP: 3/3
   187 | D:1      | You fall into a shaft and drop 1 floor!
   339 | D:1      | Reached XP level 2. HP: 15/15 MP: 5/5
   420 | D:1      | Learned a level 2 spell: Call Imp
   746 | D:2      | Succumbed to an adder's poison

Illustrated notes

Levels and vault maps discovered:
D:1:      heliophobic_arrival_henge, layout_basic, serial_bayou_ford_a,
          chequers_serial_rivers_small_a
D:2:      layout_loops_ring, basic_altar, uniq_sigmund

Action                     || total
---------------------------++-------
  Melee: Falchion          ||     6
         Unarmed           ||     4
         Dagger            ||     1
         Mace              ||     3
   Cast: Summon Small Mamm ||     3
   Stab: Sleeping          ||     6
  Dodge: Dodged            ||     4

Table legend: (Time is in decaauts)
 A = Elapsed time spent in this place.
 B = Non-inter-level travel time spent in this place.
 C = Inter-level travel time spent in this place.
 D = Time resting spent in this place.
 E = Time spent auto-exploring this place.
 F = Levels seen in this place.
 G = Mean time per level.
                   A        B        C        D        E       F      G
               +--------+--------+--------+--------+--------+-----+--------+
         Total |    759 |    759 |      0 |      0 |    631 |   2 |  379.5 |
       Dungeon |    759 |    759 |      0 |      0 |    631 |   2 |  379.5 |
               +--------+--------+--------+--------+--------+-----+--------+

Top non-repeatable levels by time:
     D:1: 746 daAuts
     D:2: 13 daAuts
